[Event "TUR-ch Youth U14 2019"]
[Site "Belek"]
[Date "2019.01.21"]
[Round "3"]
[White "Hatirli, Ugur Can"]
[Black "Bicer, Atakan Mert"]
[Result "0-1"]
[ECO "D78"]
[WhiteElo "1713"]
[BlackElo "1854"]
[Annotator "NA"]
[PlyCount "114"]
[EventDate "2019.01.20"]
[EventType "swiss"]
[EventCountry "TUR"]
[SourceTitle "playchess.com"]
[Source "ChessBase"]
[SourceQuality "1"]
[TimeControl "5400+30"]

1. d4 Nf6 2. Nf3 g6 3. g3 Bg7 4. Bg2 O-O 5. O-O d5 6. c4 c6 7. b3 Ne4 8. Bb2 dxc4 {[%emt 0:00:00] D78: Fianchetto Grünfeld: 6 0-0 c6} (8... Bf5 9. e3 Nd7 10. Qe2 a5 11. Nc3 e6 12. Nh4 Nxc3 13. Bxc3 a4 14. Nxf5 gxf5 15. cxd5 cxd5 16. Rfb1 Qc7 {½-½ (33) Oparin,G (2624)-Esipenko,A (2609) Sochi 2018}) 9. bxc4 Nd6 10. Nfd2 $146 ({Predecessor:} 10. Qc1 Qa5 11. Nbd2 Qh5 12. a4 Bh3 13. c5 Ne8 14. Nc4 Bxg2 15. Kxg2 Nd7 16. h3 {1-0 (53) Foisor,C (2386)-Zinani,A (2201) Milan 2000}) 10... c5 11. e3 Nc6 12. Bxc6 bxc6 13. Na3 cxd4 14. Bxd4 e5 15. Bc5 Nb7 ({Black should try} 15... Bh3 $15 16. Re1 Qc7) 16. Bxf8 Bxf8 17. Nc2 Bh3 18. Re1 Nc5 19. Qe2 Nd3 20. Red1 Nb2 21. Rdb1 Nd3 22. Rb3 Nc5 23. Rbb1 Be6 24. Nb4 a5 25. Nc2 f5 26. Rd1 Qc7 27. Ne1 Na4 28. Rdc1 e4 29. Nb3 c5 30. Qd2 Qa7 31. Rc2 Nb6 32. Qe2 Qf7 33. Nd2 Nd7 34. f3 Nf6 35. fxe4 fxe4 36. Ng2 g5 37. Rf1 Qg6 38. Nb1 Ng4 39. Nc3 Ne5 40. Nd5 Nf3+ 41. Kh1 Bd6 42. Qd1 Rd8 $16 ({Reject} 42... Qh6 $6 43. Ne1 $16) (42... Rf8 $1 $11) 43. Rcf2 Bg4 44. Qa1 Rf8 45. Ne1 Rf7 46. Nxf3 Bxf3+ 47. Rxf3 exf3 48. Qb1 Qh5 49. Qe1 Qg4 50. e4 Be5 51. Qe3 Bd4 52. Qd3 Qh3 53. Rxf3 Rb7 54. Nf6+ Kg7 55. Ne8+ Kh6 56. Qf1 Qe6 57. Nf6 Kg6 0-1

[Event "TUR-ch Youth U14 2019"]
[Site "Belek"]
[Date "2019.01.21"]
[Round "3"]
[White "Kara, Gulce Nehir"]
[Black "Eraslan, Yagmur"]
[Result "1/2-1/2"]
[ECO "B40"]
[WhiteElo "1702"]
[BlackElo "1567"]
[Annotator "NA"]
[PlyCount "74"]
[EventDate "2019.01.20"]
[EventType "swiss"]
[EventCountry "TUR"]
[SourceTitle "playchess.com"]
[Source "ChessBase"]
[SourceQuality "1"]
[TimeControl "5400+30"]

1. e4 c5 2. Nf3 e6 3. b3 b6 4. Bb2 Bb7 5. Nc3 Nf6 6. e5 Ne4 7. Bd3 Nxc3 8. Bxc3 Be7 9. O-O O-O 10. Qe2 Nc6 11. a3 Qc7 12. Qe4 g6 13. Qg4 Rfe8 14. h4 d5 15. exd6 Qxd6 16. Rfe1 Bf8 17. h5 e5 18. hxg6 hxg6 19. Ng5 Bh6 20. Bc4 Bxg5 21. Qxg5 Nd4 22. Rac1 Kg7 23. Bxd4 exd4 24. f4 Qf6 25. Qg3 Re4 26. Rxe4 Bxe4 27. Be2 Rh8 28. d3 Bd5 29. Bf3 Bxf3 30. Qxf3 Qh4 31. Rf1 Re8 32. f5 Qf6 33. Qg4 Re5 34. fxg6 Qxg6 35. Qf4 Re2 36. Rf2 Re1+ 37. Rf1 Re2 1/2-1/2

[Event "TUR-ch Youth U14 2019"]
[Site "Belek"]
[Date "2019.01.21"]
[Round "3"]
[White "Tikvesli, Ceylin"]
[Black "Yazici, Betul"]
[Result "1-0"]
[ECO "D02"]
[WhiteElo "1677"]
[BlackElo "1268"]
[Annotator "NA"]
[PlyCount "71"]
[EventDate "2019.01.20"]
[EventType "swiss"]
[EventCountry "TUR"]
[SourceTitle "playchess.com"]
[Source "ChessBase"]
[SourceQuality "1"]
[TimeControl "5400+30"]

1. d4 Nf6 2. Nf3 d5 3. Bf4 e6 4. e3 Nc6 5. Nbd2 Bd6 6. Bxd6 cxd6 7. c4 dxc4 8. Bxc4 d5 9. Bd3 Qe7 10. a3 Bd7 11. O-O O-O 12. Qe2 Rac8 13. Rfc1 Rfe8 14. b4 a6 15. Nb3 Rb8 16. Nc5 Bc8 17. Nxa6 bxa6 18. Rxc6 Bb7 19. Rc2 Qd6 20. Rac1 Rec8 21. Ne5 g6 22. Rc5 Rxc5 23. bxc5 Rc8 24. Rb1 Qc7 25. Bxa6 Bxa6 26. Qxa6 Rf8 27. Rb7 Qc8 28. c6 Ne4 29. Nd7 Rd8 30. Qb6 Qa8 31. c7 Rc8 32. Ra7 Qxa7 33. Qxa7 Nd6 34. Qb6 Ne8 35. Qb8 Rxb8 36. cxb8=Q 1-0

[Event "TUR-ch Youth U14 2019"]
[Site "Belek"]
[Date "2019.01.21"]
[Round "3"]
[White "Akbay, Samet"]
[Black "Bozyaka, Altug"]
[Result "0-1"]
[ECO "B23"]
[WhiteElo "1657"]
[BlackElo "1600"]
[Annotator "NA"]
[PlyCount "74"]
[EventDate "2019.01.20"]
[EventType "swiss"]
[EventCountry "TUR"]
[SourceTitle "playchess.com"]
[Source "ChessBase"]
[SourceQuality "1"]
[TimeControl "5400+30"]

1. e4 c5 2. Nc3 d6 3. f4 Nc6 4. Nf3 g6 5. Bc4 Bg7 6. O-O e6 7. d3 Nge7 8. Qe1 O-O 9. Qh4 Nd4 10. f5 gxf5 11. Qh5 Ng6 12. Ng5 h6 13. exf5 Nxf5 14. Rxf5 exf5 15. Qxg6 hxg5 16. Bxg5 Qe8 17. Bf6 Qe3+ 18. Kh1 Qh6 19. Qxh6 Bxh6 20. Be7 Re8 21. Nd5 Bg7 22. Bxd6 Rd8 23. Be7 Rd7 24. Re1 Rb8 25. Bxc5 b6 26. Re8+ Kh7 27. Bf8 b5 28. Bb3 a5 29. Ne7 Bxf8 30. Nc6 Rb6 31. Rxc8 a4 32. Ne5 Re7 33. Nf3 axb3 34. Rxf8 bxa2 35. Ra8 Rbe6 36. Rxa2 Re1+ 37. Ng1 Rb1 0-1

[Event "TUR-ch Youth U14 2019"]
[Site "Belek"]
[Date "2019.01.21"]
[Round "3"]
[White "Uysal, Ugur"]
[Black "Guler, Muhammed Talha"]
[Result "1-0"]
[ECO "D75"]
[WhiteElo "1585"]
[BlackElo "1816"]
[Annotator "NA"]
[PlyCount "75"]
[EventDate "2019.01.20"]
[EventType "swiss"]
[EventCountry "TUR"]
[SourceTitle "playchess.com"]
[Source "ChessBase"]
[SourceQuality "1"]
[TimeControl "5400+30"]

1. Nf3 Nf6 2. d4 g6 3. c4 Bg7 4. g3 d5 5. cxd5 Nxd5 6. Bg2 c5 7. O-O O-O {[%emt 0:00:00] LiveBook: 211 Games} 8. dxc5 Na6 9. c6 bxc6 10. a3 Nc5 11. Qc2 Qb6 12. Nbd2 Ba6 13. Re1 Rac8 14. Rb1 Ne6 15. e4 $11 Nf6 16. Nc4 Qc5 17. Bf1 Ng4 18. b4 Qh5 19. h3 Nf6 20. g4 Nxg4 21. hxg4 Qxg4+ 22. Bg2 Bxc4 23. Qxc4 c5 24. b5 Nd4 25. Nxd4 cxd4 26. Qe2 Qxe2 27. Rxe2 d3 28. Rd2 Rfd8 29. Rd1 Rc2 30. Bd2 f5 31. a4 Bb2 32. exf5 gxf5 33. Bf1 e5 34. Bc1 Bd4 35. Rd2 Bc3 36. Rxd3 Rxd3 37. Bxd3 Ra2 38. Bc4+ 1-0

[Event "TUR-ch Youth U14 2019"]
[Site "Belek"]
[Date "2019.01.21"]
[Round "3"]
[White "Bese, Irem"]
[Black "Ince, Safiye Oyku"]
[Result "0-1"]
[ECO "B25"]
[WhiteElo "1534"]
[BlackElo "1870"]
[Annotator "NA"]
[PlyCount "58"]
[EventDate "2019.01.20"]
[EventType "swiss"]
[EventCountry "TUR"]
[SourceTitle "playchess.com"]
[Source "ChessBase"]
[SourceQuality "1"]
[TimeControl "5400+30"]

1. e4 c5 2. Nc3 e6 3. g3 Nc6 4. Bg2 g6 5. f4 Bg7 6. Nf3 Nge7 7. O-O O-O 8. d3 Rb8 9. Be3 d6 10. a4 a6 11. Qd2 b5 {[%emt 0:01:30] B25: Closed Sicilian: 3 g3, lines without early Be3} 12. axb5 axb5 13. g4 (13. Rab1 b4 14. Ne2 Bb7 15. Rfd1 e5 16. fxe5 Nxe5 17. Nxe5 Bxe5 18. Bf4 Bg7 19. Rf1 {0-1 (37) Strukova,K (2052)-Nebolsina,V (2220) Sochi 2017}) 13... f5 $146 ({Predecessor:} 13... b4 14. Nd1 Qc7 15. Nh4 Nd4 16. Kh1 Bd7 17. f5 exf5 18. gxf5 Nec6 {0-1 (60) Lessmann,S (1604)-Walow,X (1778) Willingen 2018}) 14. h3 Nd4 15. Nd1 b4 16. e5 Nec6 17. exd6 Qxd6 18. g5 Rd8 19. Qf2 Bb7 20. Rb1 b3 21. cxb3 Ba6 ({Don't play} 21... Nxb3 22. Nc3 $19) 22. Ne1 $19 Nb4 23. Rc1 Bxd3 24. Nc3 Bxf1 25. Qxf1 Nxb3 26. Rb1 Nd5 27. Nxd5 exd5 28. Nd3 d4 29. Bf2 Nd2 0-1

[Event "TUR-ch Youth U14 2019"]
[Site "Belek"]
[Date "2019.01.21"]
[Round "3"]
[White "Yaman, Sila"]
[Black "Tokat, Nehir"]
[Result "1-0"]
[ECO "B23"]
[WhiteElo "1405"]
[BlackElo "1665"]
[Annotator "NA"]
[PlyCount "101"]
[EventDate "2019.01.20"]
[EventType "swiss"]
[EventCountry "TUR"]
[SourceTitle "playchess.com"]
[Source "ChessBase"]
[SourceQuality "1"]
[TimeControl "5400+30"]

1. e4 c5 2. Nc3 Nc6 3. f4 g6 4. Nf3 Bg7 5. Bb5 e6 6. Bxc6 dxc6 7. d3 Ne7 8. O-O O-O 9. e5 b6 10. Ne4 Ba6 11. b3 Nd5 12. Qe1 Nb4 13. Rf2 Nd5 14. Nfd2 Nxf4 15. Bb2 Bh6 16. Nf6+ Kg7 17. Nc4 Nd5 18. Rf3 Rh8 19. Qh4 Bxc4 20. bxc4 Ne3 21. g4 Nxc2 22. g5 Bxg5 23. Qxg5 Nxa1 24. Bxa1 h6 25. Qf4 Qe7 26. Bc3 b5 27. Kf2 a5 28. Ne4 b4 29. Bd2 a4 30. Qf6+ Qxf6 31. exf6+ Kf8 32. Nxc5 Ke8 33. Bxb4 Rh7 34. d4 h5 35. Ra3 h4 36. Rxa4 Rxa4 37. Nxa4 Rh5 38. Be7 Rg5 39. Nc3 h3 40. Ke3 Kd7 41. Ne4 Rg2 42. Bd6 Rxa2 43. Be5 Ra4 44. Nd6 Rb4 45. c5 Rb3+ 46. Kf4 Ra3 47. Kg4 Rb3 48. Nxf7 Ke8 49. Ng5 Kf8 50. Bd6+ Ke8 51. f7+ 1-0

[Event "TUR-ch Youth U14 2019"]
[Site "Belek"]
[Date "2019.01.22"]
[Round "4"]
[White "Ince, Safiye Oyku"]
[Black "Tikvesli, Ceylin"]
[Result "1-0"]
[ECO "B50"]
[WhiteElo "1870"]
[BlackElo "1677"]
[Annotator "NA RC"]
[PlyCount "67"]
[EventDate "2019.01.20"]
[EventType "swiss"]
[EventCountry "TUR"]
[SourceTitle "playchess.com"]
[Source "ChessBase"]
[SourceQuality "1"]
[TimeControl "5400+30"]

1. e4 c5 2. Nf3 d6 3. c3 Nf6 4. h3 Nc6 5. Bd3 d5 6. e5 Nd7 7. Qe2 e6 8. O-O Qc7 9. Re1 b6 10. Bc2 a5 11. Na3 Ba6 12. Nb5 Qb8 13. a4 Be7 14. d4 Na7 15. Bg5 Bxb5 16. axb5 c4 17. Bxe7 Kxe7 18. b3 Rc8 19. Rac1 Nxb5 20. bxc4 dxc4 21. Ba4 Na7 22. Bxd7 Kxd7 23. d5 Ke7 24. dxe6 fxe6 25. Qe4 Nc6 26. Qxh7 Rg8 27. Rcd1 Ra7 28. Qh4+ Ke8 29. Rd6 Nd8 30. Red1 Re7 31. Rxd8+ Qxd8 32. Rxd8+ Kxd8 33. Qxc4 Rge8 34. Nd4 1-0

[Event "TUR-ch Youth U14 2019"]
[Site "Belek"]
[Date "2019.01.22"]
[Round "4"]
[White "Bicer, Atakan Mert"]
[Black "Uysal, Ugur"]
[Result "1/2-1/2"]
[ECO "A16"]
[WhiteElo "1854"]
[BlackElo "1585"]
[Annotator "NA"]
[PlyCount "150"]
[EventDate "2019.01.20"]
[EventType "swiss"]
[EventCountry "TUR"]
[SourceTitle "playchess.com"]
[Source "ChessBase"]
[SourceQuality "1"]
[TimeControl "5400+30"]

1. c4 Nf6 2. Nc3 g6 3. g3 Bg7 4. Bg2 O-O 5. e4 d6 6. Nge2 c6 7. O-O Nbd7 8. Rb1 a5 9. b3 Qc7 10. Bb2 Re8 11. d4 e5 12. d5 Rb8 13. Bc1 Nb6 14. h3 Bd7 15. Be3 c5 16. a4 Nh5 17. Qd2 f5 18. Rbe1 Nf6 19. exf5 gxf5 20. f4 e4 21. Nd1 Kf7 22. Bf2 h5 23. Ne3 Re7 24. Nc3 Rg8 25. Kh2 Nc8 26. Rg1 Bh6 27. Ne2 Qd8 28. Bh1 Rg6 29. Ng2 Qe8 30. Nc3 Qh8 31. Nh4 Rg8 32. Nd1 b6 33. Ne3 Qh7 34. Qe2 Ree8 35. Ref1 Ne7 36. Be1 Rd8 37. Rf2 Rde8 38. Bg2 Rd8 39. Bf1 Rc8 40. Qd1 Bg7 41. Be2 Rh8 42. Kg2 Rcg8 43. Kf1 Bc8 44. Rfg2 Qh6 45. Bd2 Bd7 46. Qe1 Bc8 47. Qf2 Bd7 48. Ke1 Bc8 49. Kd1 Bd7 50. Kc2 Rh7 51. Rh2 Rgh8 52. Be1 Ne8 53. Nhg2 Qf6 54. Nd1 Qg6 55. Bc3 Bxc3 56. Nxc3 Nc7 57. Ne3 Qf6 58. Rhg2 Ng6 59. Rf1 Qd4 60. Rd1 Qf6 61. Rgg1 Ke8 62. g4 hxg4 63. hxg4 Rh2 64. Rg2 Rxg2 65. Nxg2 fxg4 66. Nxe4 Bf5 67. Bd3 Bxe4 68. Bxe4 Kd8 69. Bxg6 Qxg6+ 70. f5 Qf6 71. Qf4 Rg8 72. Rh1 Ne8 73. Ne3 Qg5 74. Qg3 Kd7 75. Rh7+ Rg7 1/2-1/2

[Event "TUR-ch Youth U14 2019"]
[Site "Belek"]
[Date "2019.01.22"]
[Round "4"]
[White "Kavri, Yusuf Eren"]
[Black "Basara, Arda"]
[Result "1/2-1/2"]
[ECO "D35"]
[WhiteElo "1761"]
[BlackElo "1737"]
[Annotator "NA"]
[PlyCount "98"]
[EventDate "2019.01.20"]
[EventType "swiss"]
[EventCountry "TUR"]
[SourceTitle "playchess.com"]
[Source "ChessBase"]
[SourceQuality "1"]
[TimeControl "5400+30"]

1. d4 d5 2. c4 c6 3. Nf3 Nf6 4. Nc3 e6 5. Bg5 Be7 6. e3 Nbd7 7. cxd5 exd5 8. Bd3 O-O 9. O-O Ne4 10. Bxe4 Bxg5 11. Bd3 Be7 12. Qc2 g6 13. Rab1 a5 14. a3 f5 15. b4 axb4 16. axb4 b5 17. Ne2 Bb7 18. Nf4 Qb8 19. Ne6 Rf6 20. Nc5 Bxc5 21. dxc5 Ne5 22. Nd4 Bc8 23. Ra1 Bd7 24. g3 Rf8 25. Qc3 Qc7 26. Kg2 h6 27. Be2 Kh7 28. Ra3 Rxa3 29. Qxa3 g5 30. Ra1 f4 31. Qa7 Qc8 32. exf4 gxf4 33. f3 Rf7 34. Qa8 Bh3+ 35. Kg1 fxg3 36. Qxc8 gxh2+ 37. Kxh2 Bxc8 38. Ra8 Bd7 39. Kg3 Kg6 40. Ra6 Rf6 41. f4 Nc4 42. Bd3+ Kf7 43. Ra7 Ke8 44. f5 Ne5 45. Bc2 Nf7 46. Ra6 Ke7 47. Ra7 Ke8 48. Ra6 Ke7 49. Ra7 Ke8 1/2-1/2

[Event "TUR-ch Youth U14 2019"]
[Site "Belek"]
[Date "2019.01.22"]
[Round "4"]
[White "Ozsac, Samet Harun"]
[Black "Danaci, Ege"]
[Result "1-0"]
[ECO "B30"]
[WhiteElo "1743"]
[BlackElo "2143"]
[Annotator "NA"]
[PlyCount "103"]
[EventDate "2019.01.20"]
[EventType "swiss"]
[EventCountry "TUR"]
[SourceTitle "playchess.com"]
[Source "ChessBase"]
[SourceQuality "1"]
[TimeControl "5400+30"]

1. e4 c5 2. Nf3 Nc6 3. Bb5 e6 4. O-O Nge7 5. c3 a6 6. Ba4 b5 7. Bc2 Bb7 8. d4 cxd4 9. Nxd4 Ng6 10. Be3 Qc7 11. Nd2 Bd6 12. h3 Bh2+ 13. Kh1 Bf4 14. Bxf4 Nxf4 15. N2f3 O-O 16. Ne2 Rac8 17. Nxf4 Qxf4 18. Qxd7 Rc7 19. Qd3 Rfc8 20. Rad1 g6 21. Bb1 Na5 22. Qe2 Nc4 23. Rfe1 a5 24. Nd4 Rc5 25. Nb3 Rh5 26. Rd7 Bc6 27. Rd3 Ne5 28. Rg3 Rh4 29. Nd4 Bb7 30. Kg1 b4 31. cxb4 axb4 32. Nf3 Nxf3+ 33. Rxf3 Qg5 34. Rg3 Qh6 35. Qe3 Qg7 36. Qb6 Qxb2 37. Qxb7 Rc1 38. Rxc1 Qxc1+ 39. Kh2 Qxb1 40. Qb8+ Kg7 41. Qe5+ f6 42. Qxe6 Rxe4 43. Qd7+ Kh6 44. Qd2+ g5 45. Rb3 Qa1 46. Rxb4 Qe5+ 47. g3 Re2 48. Rh4+ Kg7 49. Qd7+ Kf8 50. Qd8+ Kf7 51. Qd7+ Kg6 52. Qxh7# 1-0

[Event "TUR-ch Youth U14 2019"]
[Site "Belek"]
[Date "2019.01.22"]
[Round "4"]
[White "Tokat, Nehir"]
[Black "Kara, Gulce Nehir"]
[Result "1/2-1/2"]
[ECO "E04"]
[WhiteElo "1665"]
[BlackElo "1702"]
[Annotator "NA"]
[PlyCount "141"]
[EventDate "2019.01.20"]
[EventType "swiss"]
[EventCountry "TUR"]
[SourceTitle "playchess.com"]
[Source "ChessBase"]
[SourceQuality "1"]
[TimeControl "5400+30"]

1. d4 d5 2. c4 e6 3. Nf3 Nf6 4. g3 dxc4 5. Bg2 Bd7 6. Ne5 Bc6 7. Nxc6 Nxc6 8. e3 Be7 9. O-O Qd7 10. Qc2 b5 11. a4 Nb4 12. Qe2 Nfd5 13. axb5 Nd3 14. Qc2 Qxb5 15. Nd2 N3b4 16. Qxc4 Qxc4 17. Nxc4 c5 18. e4 Nf6 19. d5 exd5 20. exd5 Nfxd5 21. Rd1 Rd8 22. Rxa7 O-O 23. Ne5 Rfe8 24. Rd7 Rxd7 25. Nxd7 Nf6 26. Be3 Nxd7 27. Rxd7 h6 28. Bf1 Nc2 29. Bf4 Kf8 30. Bc4 Ra8 31. Rb7 f5 32. Be5 g5 33. b3 Rd8 34. h3 Nd4 35. Kg2 Nc6 36. Bc3 Nd4 37. Rb6 Bd6 38. Rb7 Be7 39. Ba5 Rc8 40. Bb6 f4 41. gxf4 gxf4 42. Bd5 Nf5 43. Be6 Nh4+ 44. Kf1 Ra8 45. Ba7 Rd8 46. Rd7 Rxd7 47. Bxd7 Bd6 48. Ke2 Ke7 49. Bc6 Ng6 50. Bb6 Ne5 51. Be4 Ke6 52. Ba5 Nf7 53. Bc3 Ng5 54. Bb7 Be5 55. Bc8+ Kd5 56. Bxe5 Kxe5 57. Bg4 Kd4 58. h4 Ne4 59. Be6 Ke5 60. Bf7 Nd6 61. Bg6 Nb5 62. Kd3 Nd6 63. Ke2 Nb5 64. Kd3 Nd6 65. Ke2 Kf6 66. h5 Nb5 67. Kd3 Nd6 68. Ke2 Ke5 69. Kd3 Kd5 70. Bh7 Ke5 71. Bg6 1/2-1/2

[Event "TUR-ch Youth U14 2019"]
[Site "Belek"]
[Date "2019.01.22"]
[Round "4"]
[White "Bozyaka, Altug"]
[Black "Ozcan, Ilker"]
[Result "1/2-1/2"]
[ECO "D03"]
[WhiteElo "1600"]
[BlackElo "1672"]
[Annotator "NA"]
[PlyCount "85"]
[EventDate "2019.01.20"]
[EventType "swiss"]
[EventCountry "TUR"]
[SourceTitle "playchess.com"]
[Source "ChessBase"]
[SourceQuality "1"]
[TimeControl "5400+30"]

1. d4 Nf6 2. Nf3 g6 3. Bg5 Bg7 4. Nbd2 d5 5. c3 O-O 6. b4 Nbd7 7. e3 Re8 8. Be2 e5 9. O-O h6 10. Bh4 c6 11. Qb3 e4 12. Ne1 g5 13. Bg3 Nf8 14. c4 Ng6 15. Rc1 dxc4 16. Bxc4 Be6 17. b5 Bd5 18. Nc2 cxb5 19. Qxb5 a6 20. Qb1 b5 21. Bxd5 Nxd5 22. Nb4 Nxb4 23. Qxb4 Qd5 24. Rc2 Bf8 25. Qb3 Qxb3 26. Nxb3 f5 27. Bc7 Ne7 28. Bd6 Nd5 29. Bxf8 Rxf8 30. Rc6 Kg7 31. Rfc1 Nb4 32. Rc7+ Kg6 33. a3 Nd5 34. R7c6+ Rf6 35. Kf1 Raf8 36. R1c5 Rxc6 37. Rxc6+ Rf6 38. Rc5 Rd6 39. Ke2 b4 40. axb4 Nxb4 41. Ra5 Rb6 42. Nc5 Rb5 43. Nb3 1/2-1/2

[Event "TUR-ch Youth U14 2019"]
[Site "Belek"]
[Date "2019.01.22"]
[Round "4"]
[White "Eraslan, Yagmur"]
[Black "Yaman, Sila"]
[Result "1-0"]
[ECO "B27"]
[WhiteElo "1567"]
[BlackElo "1405"]
[Annotator "NA RC"]
[PlyCount "79"]
[EventDate "2019.01.20"]
[EventType "swiss"]
[EventCountry "TUR"]
[SourceTitle "playchess.com"]
[Source "ChessBase"]
[SourceQuality "1"]
[TimeControl "5400+30"]

1. e4 c5 2. Nf3 g6 3. d4 cxd4 4. Qxd4 Nf6 5. Nc3 Nc6 6. Qa4 d6 7. e5 dxe5 8. Nxe5 Bd7 9. Nxd7 Qxd7 10. Be3 Bg7 11. Rd1 Qc7 12. g3 O-O 13. Bg2 a6 14. a3 Rfd8 15. O-O e6 16. Qb3 Rxd1 17. Rxd1 Rc8 18. Qb6 Qxb6 19. Bxb6 Kf8 20. Na4 Ng4 21. h3 Nge5 22. b3 Ke8 23. Nc5 Bf8 24. Nxb7 Bxa3 25. c4 Nd7 26. Be3 Bb4 27. Bd2 Be7 28. Bc3 Nc5 29. Nxc5 Bxc5 30. Ra1 Nd4 31. Bxd4 Bxd4 32. Rxa6 Rb8 33. Bc6+ Ke7 34. Bb5 Bc5 35. Rc6 Bd6 36. Ba4 Rb7 37. g4 f5 38. Rc8 e5 39. c5 Bc7 40. Rh8 1-0

[Event "TUR-ch Youth U14 2019"]
[Site "Belek"]
[Date "2019.01.22"]
[Round "4"]
[White "Hoser, Buse"]
[Black "Bese, Irem"]
[Result "*"]
[ECO "C14"]
[WhiteElo "1317"]
[BlackElo "1534"]
[Annotator "NA RC"]
[PlyCount "87"]
[EventDate "2019.01.20"]
[EventType "swiss"]
[EventCountry "TUR"]
[SourceTitle "playchess.com"]
[Source "ChessBase"]
[SourceQuality "1"]
[TimeControl "5400+30"]

1. e4 e6 2. d4 d5 3. Nc3 Nf6 4. Bg5 Be7 5. e5 Nfd7 6. Bxe7 Qxe7 7. f4 a6 8. Nf3 c5 9. Qd2 Nc6 10. dxc5 Qxc5 11. O-O-O O-O 12. Bd3 Nb4 13. Kb1 b5 14. Ne2 f6 15. Rhe1 Nb6 16. exf6 gxf6 17. Ned4 Nxd3 18. Qxd3 Re8 19. Nb3 Qc4 20. Qxc4 bxc4 21. Nbd4 Rb8 22. b3 Bd7 23. g4 Na4 24. Re3 Nc5 25. Rg1 Ne4 26. g5 fxg5 27. Nxg5 Nxg5 28. Rxg5+ Kf7 29. Rh3 Rh8 30. Rgh5 Kg7 31. Nf3 Be8 32. Rg5+ Bg6 33. Ne5 Rhg8 34. Rhg3 cxb3 35. axb3 Kh6 36. Nf7+ Kg7 37. Ne5 Kh6 38. h4 Rbf8 39. h5 Bxc2+ 40. Kxc2 Rxg5 41. fxg5+ Kg7 42. h6+ Kg8 43. g6 hxg6 44. Rxg6+ *

[Event "TUR-ch Youth U14 2019"]
[Site "Belek"]
[Date "2019.01.22"]
[Round "5"]
[White "Danaci, Ege"]
[Black "Bozyaka, Altug"]
[Result "0-1"]
[ECO "B25"]
[WhiteElo "2143"]
[BlackElo "1600"]
[Annotator "NA"]
[PlyCount "88"]
[EventDate "2019.01.20"]
[EventType "swiss"]
[EventCountry "TUR"]
[SourceTitle "playchess.com"]
[Source "ChessBase"]
[SourceQuality "1"]
[TimeControl "5400+30"]

1. e4 c5 2. Nc3 d6 3. g3 Nc6 4. Bg2 g6 5. d3 Bg7 6. f4 e6 7. Nf3 Nge7 8. O-O O-O 9. Be3 Nd4 10. e5 Bd7 11. exd6 Nef5 12. Bf2 Nxd6 13. Ne5 Qc7 14. Nxd7 Qxd7 15. Ne4 Nxe4 16. dxe4 Qe7 17. c3 Nc6 18. e5 Rfd8 19. Qe2 Rac8 20. Rad1 Bf8 21. Bxc6 Rxc6 22. Rxd8 Qxd8 23. Rd1 Qa5 24. Rd7 Qxa2 25. Rd8 Kg7 26. g4 Qa5 27. Qd2 Be7 28. Re8 Rc7 29. f5 exf5 30. Be3 f6 31. Qd5 Qa1+ 32. Kg2 Qxb2+ 33. Bd2 f4 34. exf6+ Bxf6 35. Rg8+ Kh6 36. Qd6 Rf7 37. h4 Bxh4 38. Kf3 Bg5 39. Rf8 Qb3 40. Rg8 Qd1+ 41. Kf2 Bh4+ 42. Kg2 Qxg4+ 43. Kf1 Qf3+ 44. Kg1 Bf2+ 0-1

[Event "TUR-ch Youth U14 2019"]
[Site "Belek"]
[Date "2019.01.22"]
[Round "5"]
[White "Caberoglu, Arda"]
[Black "Hatirli, Ugur Can"]
[Result "1/2-1/2"]
[ECO "B40"]
[WhiteElo "1962"]
[BlackElo "1713"]
[Annotator "NA"]
[PlyCount "70"]
[EventDate "2019.01.20"]
[EventType "swiss"]
[EventCountry "TUR"]
[SourceTitle "playchess.com"]
[Source "ChessBase"]
[SourceQuality "1"]
[TimeControl "5400+30"]

1. e4 c5 2. Nf3 e6 3. b3 b6 4. Bb2 Bb7 5. d3 Nf6 6. Nbd2 Be7 7. g3 O-O 8. Bg2 d5 9. Qe2 dxe4 10. dxe4 Nc6 11. O-O Qc7 12. Rfd1 Rfd8 13. Nc4 Ba6 14. Qe3 Bxc4 15. bxc4 Ng4 16. Qe2 Nge5 17. Nxe5 Nxe5 18. f4 Nc6 19. e5 Rac8 20. Kh1 g6 21. Qe4 Rxd1+ 22. Rxd1 Rd8 23. Rxd8+ Qxd8 24. Qe2 Nd4 25. Qd3 Nf5 26. Kg1 Qxd3 27. cxd3 Ne3 28. Be4 Kf8 29. Ba1 h5 30. h3 g5 31. Kf2 Nc2 32. Bc3 gxf4 33. gxf4 Bh4+ 34. Kf3 Kg7 35. Bb7 a5 1/2-1/2

[Event "TUR-ch Youth U14 2019"]
[Site "Belek"]
[Date "2019.01.22"]
[Round "5"]
[White "Kara, Gulce Nehir"]
[Black "Yaman, Sila"]
[Result "1-0"]
[ECO "B11"]
[WhiteElo "1702"]
[BlackElo "1405"]
[Annotator "NA"]
[PlyCount "77"]
[EventDate "2019.01.20"]
[EventType "swiss"]
[EventCountry "TUR"]
[SourceTitle "playchess.com"]
[Source "ChessBase"]
[SourceQuality "1"]
[TimeControl "5400+30"]

1. e4 c6 2. Nc3 d5 3. Qe2 d4 4. Nd1 e5 5. d3 Nf6 6. g3 Be7 7. Bg2 Be6 8. f4 exf4 9. gxf4 Na6 10. f5 Bd7 11. Nf3 Qb6 12. O-O O-O 13. Kh1 Rfe8 14. Qf2 c5 15. Rg1 Ng4 16. Qg3 h5 17. h3 Bd6 18. Qh4 Nf6 19. Bg5 Be7 20. Bxf6 Qxf6 21. Qxh5 Nb4 22. Ne1 Bd6 23. Nf2 Bg3 24. Ng4 Qh4 25. Qxh4 Bxh4 26. Nf3 Be7 27. Nge5 Rad8 28. c3 Nc6 29. c4 Nxe5 30. Nxe5 Bd6 31. Ng4 Be5 32. Bf3 f6 33. Rg2 Kf7 34. Rag1 Rg8 35. Nh6+ gxh6 36. Bh5+ Ke7 37. Rxg8 Rxg8 38. Rxg8 Bf4 39. Kg2 1-0

[Event "TUR-ch Youth U14 2019"]
[Site "Belek"]
[Date "2019.01.22"]
[Round "5"]
[White "Tikvesli, Ceylin"]
[Black "Hoser, Buse"]
[Result "1-0"]
[ECO "B38"]
[WhiteElo "1677"]
[BlackElo "1317"]
[Annotator "NA"]
[PlyCount "123"]
[EventDate "2019.01.20"]
[EventType "swiss"]
[EventCountry "TUR"]
[SourceTitle "playchess.com"]
[Source "ChessBase"]
[SourceQuality "1"]
[TimeControl "5400+30"]

1. e4 c5 2. Nf3 g6 3. d4 cxd4 4. Nxd4 Bg7 5. c4 Nc6 6. Be3 Nf6 7. Nc3 O-O 8. Be2 d6 9. O-O Bd7 10. Qd2 Nxd4 11. Bxd4 Bc6 12. f3 Nd7 13. Be3 a5 14. b3 Nc5 15. Rab1 Qd7 16. a3 Rfc8 17. b4 axb4 18. axb4 Na4 19. Nxa4 Bxa4 20. Bb6 Qc6 21. c5 Bb5 22. Rfd1 Bxe2 23. Qxe2 dxc5 24. bxc5 Ra4 25. e5 Qe6 26. Re1 Ra2 27. Qe3 Rca8 28. Rbd1 R2a3 29. Qd4 Qc6 30. Qd7 Kf8 31. Qh3 h5 32. Rd7 Re8 33. e6 Ra1 34. Rxa1 Bxa1 35. exf7 Kxf7 36. Rd1 Qa4 37. Qd7 Qa3 38. Qd5+ Kf8 39. Kf2 Qa6 40. Qe6 Bf6 41. g3 Qa4 42. Qd5 Qc2+ 43. Rd2 Qc3 44. Qd3 Qb4 45. f4 Kg7 46. Kf3 Qa4 47. Re2 Qc6+ 48. Qe4 Qd7 49. Kg2 Qd1 50. Re1 Qd2+ 51. Kh3 Qd7+ 52. Qe6 Qd3 53. Bc7 Qc3 54. Bd6 Qd4 55. Be5 Bxe5 56. Rxe5 Qd1 57. Rg5 Qf1+ 58. Kh4 Qb1 59. f5 Qb4+ 60. g4 Qd4 61. Qxg6+ Kf8 62. Qg8# 1-0

[Event "TUR-ch Youth U14 2019"]
[Site "Belek"]
[Date "2019.01.22"]
[Round "5"]
[White "Ozcan, Ilker"]
[Black "Ozsac, Samet Harun"]
[Result "1/2-1/2"]
[ECO "B38"]
[WhiteElo "1672"]
[BlackElo "1743"]
[Annotator "NA"]
[PlyCount "27"]
[EventDate "2019.01.20"]
[EventType "swiss"]
[EventCountry "TUR"]
[SourceTitle "playchess.com"]
[Source "ChessBase"]
[SourceQuality "1"]
[TimeControl "5400+30"]

1. e4 c5 2. Nf3 g6 3. c4 Bg7 4. d4 cxd4 5. Nxd4 Nc6 6. Be3 Nf6 7. Nc3 d6 8. Be2 O-O 9. O-O Nxd4 10. Bxd4 Be6 11. f3 Qa5 12. Qd2 Rfc8 13. Rac1 a6 14. b3 1/2-1/2